 Dungeon Crawl Stone Soup version 0.32-a0-433-g08bcfe7efd (webtiles) character file.

Game seed: 12481017849101417882

288 Dittersdorf the Shield-Bearer (level 6, -4/39 HPs)
             Began as a Gargoyle Fighter on Feb 22, 2024.
             Killed from afar by Dowan (13 damage)
             ... with a shard of ice
             ... on level 3 of the Dungeon.
             The game lasted 00:02:47 (2602 turns).

Dittersdorf the Shield-Bearer (Gargoyle Fighter)    Turns: 2602, Time: 00:02:48

Health: -4/39      AC: 16    Str: 21    XL:     6   Next: 31%
Magic:  6/6        EV:  8    Int:  9    God:
Gold:   179        SH:  4    Dex:  9    Spells: 5/5 levels left

rFire   . . .        a - +0 flail
rCold   + . .        c - +0 buckler
rNeg    + . .        k - +0 chain mail
rPois   ∞            f - +2 hat
rElec   +            (no cloak)
rCorr   .            (no gloves)
SInv    .            (no boots)
Will    .....        (no amulet) Stlth
                     h - ring of flight
HPRegen 0.26/turn    n - ring of protection from cold
MPRegen 0.10/turn

%: no passive effects
@: mighty, flying
A: sickness immunity, AC +4, negative energy resistance 1, electricity
resistance, torment resistance 1, petrification resistance
a: no special abilities


You were on level 3 of the Dungeon.
You visited 1 branch of the dungeon, and saw 4 of its levels.

You collected 179 gold pieces.

Inventory:

Hand Weapons
 a - a +0 flail (weapon)
Armour
 c - a +0 buckler (worn)
 f - a +2 hat (worn)
 k - a +0 chain mail (worn)
Jewellery
 h - a ring of flight (left hand)
 n - a ring of protection from cold (right hand)
Scrolls
 e - 2 scrolls of identify {unknown}
 i - 2 scrolls of torment {unknown}
 j - a scroll of noise {unknown}
 l - 3 scrolls of teleportation {unknown}
 o - a scroll of vulnerability {unknown}
 q - a scroll of blinking {unknown}
 r - a scroll of butterflies {unknown}
Potions
 b - a potion of enlightenment {unknown}
 g - 2 potions of haste {unknown}
 m - a potion of curing {unknown}
 p - a potion of lignification {unknown}


   Skills:
 + Level 4.6 Fighting
 + Level 3.5 Maces & Flails
 + Level 4.7 Armour
 + Level 4.7 Shields


You had 5 spell levels left.
You didn't know any spells.
Your spell library was empty.

Dungeon Overview and Level Annotations

Branches:
Dungeon (4/15)
 Temple: D:4-7

Altars:
Ashenzari
Okawaru

Shops:
D:4 !

Annotations:
D:3 Dowan
D:4 Grinder, Pikel


Innate Abilities, Weirdness & Mutations

You are immune to sickness and miasma.
Your stone body is resilient. (AC +4)
You are immune to poison.
You resist negative energy. (rN+)
You are resistant to electric shocks. (rElec)
You are resistant to unholy torment.
You are immune to petrification.


Message History

Duvessa attacks as she pursues you!
Duvessa hits you with a +0 vampiric short sword.
You feel very mighty all of a sudden.
Duvessa hits you with a +0 vampiric short sword.
You thump Duvessa!
Duvessa is moderately wounded.
Duvessa hits you with a +0 vampiric short sword.
You hit Duvessa but do no damage.
Duvessa is moderately wounded.
Duvessa says, "Where magic fails, the sword succeeds!"
Duvessa hits you but does no damage. Duvessa barely misses you.
You hit Duvessa.
Duvessa is heavily wounded.
Duvessa hits you with a +0 vampiric short sword!
* * * LOW HITPOINT WARNING * * *
You thump Duvessa!
Duvessa is severely wounded.
Duvessa hits you but does no damage.
Dowan says, "Magic and the sword, together, will defeat you."
Dowan mumbles some strange words.
Dowan blinks!
You closely miss Duvessa.
Duvessa is severely wounded.
Duvessa hits you but does no damage.
You closely miss Duvessa.
Duvessa is severely wounded.
Duvessa barely misses you. Duvessa hits you but does no damage.
You bludgeon Duvessa!!
You kill Duvessa!
You hear a distant wail of despair.
You have reached level 6!
You start resting.
Dowan is nearby!
You hit Dowan.
Dowan is moderately wounded.
Dowan seems to find hidden reserves of power!
Dowan says, "How can I live without her?"
Dowan gestures at you while chanting. The shard of ice hits you!
You partially resist.
You die...

#......#..≈≈≈≈≈..#######.#####..#
#÷.....#.≈.....≈.######..#####..#
#......#.≈.≈≈≈.≈.##.........##..#
'......#.≈≈...≈≈.##.#..#.##.#####
#......#.≈≈._.≈≈.##.#..#.........
#####.##.≈≈...≈≈.#....#...#.#####
# #.##.≈.≈≈≈.≈.##...#.###.# ## #
#.##.≈.....≈.#..#.#.....# #. #
#.##..≈≈≈≈≈.@#.##.#.##### #.
#...#########e.##.#.# #. #####
#>.##.#.# #. #####.#.# #. #.#.#
### ###.#.# #<. #...#.### ##.
#.#.....# #. #.#...#.# ##


You could see Dowan (fast).

Vanquished Creatures
  Duvessa (D:3)
  A lemure (D:3)
  Natasha (thrice) (D:2)
  5 adders
  2 dart slugs (D:2)
  3 orcs
  3 endoplasms
  6 giant cockroaches
  5 goblins
  5 hobgoblins
  A jackal (D:4)
  3 kobolds
  6 quokkas
  7 ball pythons
  5 bats
  A frilled lizard (D:3)
  3 rats
60 creatures vanquished.

Notes
Turn   | Place    | Note
-------+----------+-------------------------------------------
     0 | D:1      | Dittersdorf the Gargoyle Fighter began the quest for the
                  | Orb.
     0 | D:1      | Reached XP level 1. HP: 14/14 MP: 1/1
   268 | D:1      | Reached XP level 2. HP: 16/19 MP: 2/2
   845 | D:2      | Reached XP level 3. HP: 22/23 MP: 3/3
   878 | D:2      | Noticed Natasha
   888 | D:2      | Killed Natasha
   936 | D:2      | Reached XP level 4. HP: 29/29 MP: 4/4
  1014 | D:2      | Found a faded altar of an unknown god.
  1328 | D:2      | Noticed Natasha
  1332 | D:2      | Killed Natasha
  1333 | D:2      | Reached XP level 5. HP: 30/33 MP: 5/5
  1400 | D:2      | Noticed Natasha
  1407 | D:2      | Killed Natasha
  1871 | D:3      | Found a broken altar of Ashenzari.
  2463 | D:4      | Found Nyonuto's Distillery.
  2473 | D:4      | Found an iron altar of Okawaru.
  2498 | D:4      | Noticed a lemure
  2500 | D:4      | Noticed Pikel
  2501 | D:4      | Noticed a lemure
  2501 | D:4      | Noticed a lemure
  2534 | D:3      | Killed a lemure
  2581 | D:4      | Noticed Dowan
  2582 | D:4      | Noticed Duvessa
  2584 | D:4      | Noticed Grinder
  2586 | D:4      | Paralysed by Grinder for 3 turns
  2600 | D:3      | Killed Duvessa
  2601 | D:3      | Reached XP level 6. HP: 8/39 MP: 6/6
  2602 | D:3      | Killed from afar by Dowan

Illustrated notes

Levels and vault maps discovered:
D:1:      doesnt_arrival_eight_statues, layout_loops_ring,
          minmay_misc_feat_doors
D:2:      minmay_evil_eye, layout_loops_ring,
          shapermc_ecumenical_altar_starsandcircs, uniq_natasha
D:3:      layout_basic, mainiacjoe_overflow_paths
D:4:      layout_cave_pools, tso_oasis_becter, mainiacjoe_overflow_tiny_flanked,
          cheibriados_altar_1, st_stairs_5, minmay_misc_feat_x,
          serial_bayou_pond_c, nicolae_stop_n_shop_2, uniq_grinder, uniq_pikel,
          uniq_duvessa

Skill      XL: |  1  2  3  4 |
---------------+-------------+-----
Armour         | 4 |  4.7
Fighting       | 4 |  4.6
Shields        | 4 |  4.7
Maces & Flails | 3 |  3.5

Action                     |  1- 3 |  4- 6 || total
---------------------------+-------+-------++-------
  Melee: Flail             |    84 |   192 ||   276
    Use: Potion            |       |     1 ||     1
 Armour: Scale mail        |    64 |     1 ||    65
         Chain mail        |       |   154 ||   154
  Dodge: Dodged            |    39 |    72 ||   111
  Block: Buckler           |    20 |    42 ||    62

Table legend: (Time is in decaauts)
 A = Elapsed time spent in this place.
 B = Non-inter-level travel time spent in this place.
 C = Inter-level travel time spent in this place.
 D = Time resting spent in this place.
 E = Time spent auto-exploring this place.
 F = Levels seen in this place.
 G = Mean time per level.
                   A        B        C        D        E       F      G
               +--------+--------+--------+--------+--------+-----+--------+
         Total |   2681 |   2516 |    165 |     64 |   1749 |   4 |  670.2 |
       Dungeon |   2681 |   2516 |    165 |     64 |   1749 |   4 |  670.2 |
               +--------+--------+--------+--------+--------+-----+--------+

Top non-repeatable levels by time:
     D:2: 921 daAuts
     D:1: 831 daAuts
     D:3: 694 daAuts
     D:4: 234 daAuts
